 Dungeon Crawl Stone Soup version 0.31-a0-1074-g0b22e4e0f1 (webtiles) character file.

Game seed: 6848791428587459865

9219 ragingrage the Gouger (level 11, 0/48 HPs)
             Began as a Felid Fighter on Dec 6, 2023.
             Was a High Priest of Nemelex Xobeh.
             Slain by a death yak simulacrum (14 damage)
             ... in an ice cave on Dec 7, 2023.
             The game lasted 00:18:10 (12886 turns).

ragingrage the Gouger (Felid Fighter)              Turns: 12886, Time: 00:18:11

Health: 0/48       AC:  2    Str: 12    XL:     11   Next: 20%
Magic:  15/15      EV: 28    Int: 10    God:    Nemelex Xobeh [*****.]
Gold:   719        SH:  0    Dex: 26    Spells: 10/10 levels left
                                        Lives:  0   Deaths: 4

rFire   . .          .
                       - Unarmed
rCold   + . .        (shield unavailable)
rNeg    . . .        (body armour unavailable)
rPois   .            (helmet unavailable)
rElec   .            (cloak unavailable)
rCorr   .            (gloves unavailable)
SInv    +            (boots unavailable)
Will    +....        j - amulet of the acrobat
Stlth   ++++         q - +6 ring of dexterity
HPRegen 0.28/turn    x - ring of protection from cold
MPRegen 0.14/turn

%: acrobat
@: blade hands, quick
A: very small, (claws 1), fangs 3, see invisible, speed 1, shaggy fur 2,
(stealthy paws), no weapons or thrown items, no armour, multi-lived
a: Begin Untransformation, Renounce Religion, Draw Escape, Draw Destruction,
Draw Summoning, Triple Draw, Deal Four, Stack Five


You were in an ice cave.
You worshipped Nemelex Xobeh.
Nemelex Xobeh was extremely pleased with you.
You had blades for front paws.
You visited 1 branch of the dungeon, and saw 11 of its levels.
You also visited: Ice Cave.

You collected 719 gold pieces.

Inventory:

Jewellery
 j - an amulet of the acrobat (around neck)
 n - a ring of willpower
 q - a +6 ring of dexterity (left blade hand)
 x - a ring of protection from cold (right blade hand)
 B - a +6 ring of dexterity
Talismans
 p - a flux talisman
 r - a blade talisman (active)
 t - a storm talisman
Wands
 h - a wand of light (8)
 i - a wand of flame (50)
 y - a wand of iceblast (16)
 C - a wand of digging (4)
Scrolls
 e - 5 scrolls of teleportation
 f - a scroll of fog
 g - 2 scrolls of immolation
 k - 2 scrolls of poison
 s - 3 scrolls of revelation
 v - a scroll of vulnerability
 A - a scroll of identify
 D - a scroll of enchant weapon {unknown}
Potions
 a - a potion of might
 b - 4 potions of enlightenment
 c - 3 potions of curing
 d - 3 potions of berserk rage
 m - 4 potions of haste
 o - 3 potions of attraction {unknown}
 u - a potion of heal wounds {unknown}
 w - a potion of ambrosia
 z - 2 potions of brilliance {unknown}


   Skills:
 - Level 6.0 Fighting
 - Level 10.0 Dodging
 - Level 5.0 Stealth
 - Level 11.0 Unarmed Combat
 + Level 4.2 Invocations
 - Level 10.0 Shapeshifting


You had 10 spell levels left.
You didn't know any spells.
Your spell library contained the following spells:

 Spells                   Type           Power      Damage    Failure   Level
 Sting                    Tmut/Pois      0%         1d3       36%         1
 Poisonous Vapours        Pois/Air       0%         N/A       50%         2
 Olgreb's Toxic Radiance  Pois           0%         N/A       98%         4
 Vhi's Electric Charge    Tloc/Air       0%         N/A       98%         4
 Arcjolt                  Conj/Air       0%         1d10      100%        5
 Plasma Beam              Fire/Air       0%         2x1d10    100%        6


Dungeon Overview and Level Annotations

Branches:
Dungeon (11/15)            Temple (0/1) D:6             Orc (0/2) D:11
  IceCv (1/1)
   Lair: D:8-11

Altars:
Makhleb
Nemelex Xobeh
Qazlal
Vehumet
Xom

Annotations:
D:4 exclusion: door, Sigmund
D:7 1 runed translucent door, olourkin's ghost, novice MiFi
D:10 2 transporters, Nergalle; Sonja; croobank's ghost, novice DrSh


Innate Abilities, Weirdness & Mutations

You have blades for front paws.
((You have sharp claws.))
You have razor-sharp teeth.
You have supernaturally acute eyesight. (SInv)
You cover ground quickly. (Speed+)
You are covered in thick fur. (AC +2)
((Your paws help you pounce on unaware monsters.))
You are incapable of wielding weapons or throwing items.
You cannot wear armour.
You gain extra lives every three experience levels.


Message History

A death yak simulacrum comes into view.
You catch the helpless death yak simulacrum completely off-guard!
You slash the death yak simulacrum! You slash the death yak simulacrum!
You bite the death yak simulacrum. The death yak simulacrum gores you!
The death yak simulacrum freezes you!! You resist.
A death yak simulacrum comes into view.
You slash the death yak simulacrum!
The death yak simulacrum completely misses you.
You hit the death yak simulacrum but do no damage.
You draw a card...
You have drawn the Orb.
Press: ? - help, Shift-Dir - straight line, f - death yak simulacrum
Aim: a death yak simulacrum (almost destroyed)
The wavering orb of destruction hits the death yak simulacrum!!
The death yak simulacrum vaporises!
Okay, then.
Unknown command.
There is an ice choked empty arch of ancient stone here.
Aiming: Throw Flame
Press: ? - help, Shift-Dir - straight line, f - death yak simulacrum
Aim: a death yak simulacrum (freezing vapour, 100% to hit)
The puff of flame hits the death yak simulacrum!
The death yak simulacrum melts!
You hear a sizzling sound!
Aiming: Throw Flame
Press: ? - help, Shift-Dir - straight line, f/p - death yak simulacrum
Aim: a death yak simulacrum (lightly damaged, 100% to hit)
The puff of flame hits the death yak simulacrum but does no damage.
Aiming: Throw Flame
Press: ? - help, Shift-Dir - straight line, f/p - death yak simulacrum
Aim: a death yak simulacrum (lightly damaged, 100% to hit)
The puff of flame hits the death yak simulacrum.
The death yak simulacrum melts!
The death yak simulacrum barely misses you.
You hit the death yak simulacrum. The death yak simulacrum gores you.
* * * LOW HITPOINT WARNING * * *
The death yak simulacrum freezes you! You resist.
You die...
Your body glows slightly and disappears.

. #### .. ##..######
..Z ##....##..##
##....
#..........###......
#.∩.∩@Z.....#.......
#.......##....#
##....#####..##
##..## #### ####


You could see a death yak simulacrum.

Vanquished Creatures
  2 two-headed ogres
  Psyche (D:8)
  A hornet (D:7)
  A troll (D:11)
  4 yaks (D:10)
  4 wyverns
  2 acid dragons
  2 death yak simulacra (IceCv)
  2 wargs
  2 water moccasins
  4 orc warriors
  4 sky beasts
  5 ogres
  A centaur (D:10)
  A phantom (D:5)
  2 kobold brigands
  5 bullfrogs
  6 scorpions
  A cane toad simulacrum (IceCv)
  4 gnoll sergeants
  5 wights
  2 elephant simulacra (IceCv)
  9 howler monkeys
  15 hounds
  7 gnoll boudas
  6 orc priests
  4 jellies
  Crazy Yiuf (D:4)
  4 iguanas
  2 sleepcaps (D:6)
  13 orc wizards
  A troll simulacrum (IceCv)
  A spriggan simulacrum (IceCv)
  2 polar bear simulacra (IceCv)
  Robin (D:4)
  11 gnolls
  11 adders
  A shadow imp (D:7)
  2 white imps
  2 worms
  4 dart slugs
  58 orcs
  5 ball pythons
  6 bats
  5 endoplasms
  5 giant cockroaches
  20 goblins
  10 hobgoblins
  4 jackals (D:2)
  3 quokkas
  A frilled lizard (D:3)
  10 kobolds
  5 rats
290 creatures vanquished.

Vanquished Creatures (collateral kills)
  A warg (D:6)
  An orc warrior (D:6)
  A howler monkey (D:6)
3 creatures vanquished.

Grand Total: 293 creatures vanquished

Notes
Turn   | Place    | Note
-------+----------+-------------------------------------------
     0 | D:1      | ragingrage the Felid Fighter began the quest for the Orb.
     0 | D:1      | Reached XP level 1. HP: 10/10 MP: 2/2
   204 | D:1      | Reached skill level 1 in Stealth
   250 | D:1      | Reached XP level 2. HP: 12/14 MP: 3/3
   614 | D:1      | Reached XP level 3. HP: 17/17 MP: 4/4
   876 | D:2      | Identified the +2 ring mail "Luosouca" {rC+ rN+ Str-4}
   932 | D:2      | Found a sparkling altar of Nemelex Xobeh.
  1065 | D:2      | Became a worshipper of Nemelex Xobeh the Trickster
  1799 | D:2      | Found a faded altar of an unknown god.
  1985 | D:3      | Reached XP level 4. HP: 12/21 MP: 5/5
  2111 | D:3      | Reached * piety under Nemelex Xobeh
  2150 | D:3      | Mangled by an orc
  2748 | D:4      | Reached skill level 5 in Unarmed Combat
  2769 | D:4      | Identified the +5 helmet "Weud" {Int+3}
  2769 | D:4      | Noticed Robin
  2776 | D:3      | Reached XP level 5. HP: 19/25 MP: 6/6
  3034 | D:4      | Killed Robin
  3035 | D:4      | Reached skill level 5 in Stealth
  3084 | D:4      | Found a runed translucent door.
  3085 | D:4      | Noticed Crazy Yiuf
  3206 | D:4      | Splashed by a jelly's acid
  3212 | D:4      | Gained mutation: You are covered in thick fur. (AC +2)
                  | [Felid growth]
  3212 | D:4      | Reached XP level 6. HP: 28/28 MP: 7/7
  3330 | D:4      | Reached skill level 6 in Unarmed Combat
  3403 | D:5      | Entered Level 5 of the Dungeon
  3624 | D:5      | Reached XP level 7. HP: 33/33 MP: 8/8
  3655 | D:5      | Reached skill level 5 in Fighting
  3655 | D:5      | Reached skill level 7 in Unarmed Combat
  3668 | D:5      | Received a gift from Nemelex Xobeh
  4093 | D:5      | Reached ** piety under Nemelex Xobeh
  4616 | D:5      | Reached skill level 8 in Unarmed Combat
  4616 | D:5      | Reached XP level 8. HP: 38/38 MP: 9/9
  4860 | D:4      | Found a burning altar of Makhleb.
  4992 | D:4      | Noticed Sigmund
  5189 | D:4      | Killed Crazy Yiuf
  5260 | D:6      | Received a gift from Nemelex Xobeh
  5472 | D:6      | Reached skill level 9 in Unarmed Combat
  5707 | D:6      | Found a staircase to the Ecumenical Temple.
  5719 | D:6      | Reached skill level 1 in Shapeshifting
  6266 | D:6      | Reached skill level 10 in Unarmed Combat
  6312 | D:6      | Reached XP level 9. HP: 35/41 MP: 10/10
  6391 | D:6      | Reached skill level 5 in Dodging
  6777 | D:6      | Received a gift from Nemelex Xobeh
  6789 | D:6      | Found a stormy altar of Qazlal.
  6795 | D:6      | Found a shimmering altar of Xom.
  6800 | D:6      | Found a radiant altar of Vehumet.
  7000 | D:5      | HP: 1/41 [warg (14)]
  7267 | D:6      | Reached *** piety under Nemelex Xobeh
  7375 | D:6      | Noticed a two-headed ogre
  7399 | D:6      | Reached skill level 11 in Unarmed Combat
  7466 | D:6      | Killed a two-headed ogre
  7549 | D:7      | Noticed olourkin's ghost (novice MiFi)
  7549 | D:7      | Noticed a manticore
  7549 | D:7      | Found a runed translucent door.
  7772 | D:6      | Reached XP level 10. HP: 40/45 MP: 11/11
  8844 | D:7      | Received a gift from Nemelex Xobeh
  9491 | D:8      | Noticed Psyche
  9495 | D:8      | Killed Psyche
  9755 | D:8      | Reached **** piety under Nemelex Xobeh
 10201 | D:8      | Identified the +3 barding "Vyneb" {+Blink rPois Int-5 SInv}
 10468 | D:8      | Paralysed by a hornet for 3 turns
 10470 | D:8      | Slain by a hornet
 10494 | D:9      | Received a gift from Nemelex Xobeh
 10635 | D:9      | Reached skill level 10 in Shapeshifting
 11349 | D:10     | Entered Level 10 of the Dungeon
 11382 | D:10     | Received a gift from Nemelex Xobeh
 12060 | D:10     | Noticed Sonja
 12229 | D:10     | Noticed croobank's ghost (novice DrSh)
 12230 | D:10     | Found a transporter.
 12233 | D:10     | Found a transporter.
 12233 | D:10     | Noticed a cyclops
 12240 | D:10     | Reached ***** piety under Nemelex Xobeh
 12336 | D:10     | Received a gift from Nemelex Xobeh
 12450 | D:10     | Noticed Nergalle
 12470 | D:10     | Slain by Nergalle
 12480 | D:11     | Found a staircase to the Orcish Mines.
 12487 | D:11     | Reached XP level 11. HP: 48/48 MP: 12/12
 12498 | D:10     | Reached skill level 1 in Invocations
 12539 | D:11     | Received a gift from Nemelex Xobeh
 12541 | D:11     | Noticed a two-headed ogre
 12542 | D:11     | Noticed a red ugly thing
 12554 | D:11     | Killed a two-headed ogre
 12555 | D:11     | Reached skill level 10 in Dodging
 12710 | D:11     | Found a frozen archway.
 12723 | IceCv    | Entered an ice cave
 12886 | IceCv    | Slain by a death yak simulacrum

Illustrated notes

Levels and vault maps discovered:
D:1:      ldierk_walled_garden, layout_loops_cross,
          nicolae_kite_square_tiling_tiny, minmay_unequal
D:2:      wander_river, layout_basic, basic_altar,
          dreamdust_ecumenical_altar_hidden_monk_grotto
D:3:      layout_basic, corexii_corridor_pit, amcnicky_mini_corridor_feature,
          glass_columns_a
D:4:      minmay_polygon_palace, layout_loops_ring, minmay_ruined_shrine,
          uniq_crazy_yiuf_cottage, uniq_sigmund, uniq_robin
D:5:      layout_basic, kennysheep_doodads, chequers_decorated_corner
D:6:      lemuel_castle_with_subvaults [lemuel_castle_interior_carwin_2],
          layout_cave_pools, minmay_overflow_temple_star_quad,
          minmay_temple_entry_hall, chequers_avenue, palyth_stone_intersect
D:7:      layout_loops_ring, ebering_ghost_inner_flame
D:8:      minmay_recursive_quarters, layout_layer_cave, uniq_psyche
D:9:      layout_loops_ring, special_room [special_room_orc]
D:10:     layout_basic, gammafunk_ghost_arena, kennysheep_minor_cross,
          uniq_nergalle, uniq_sonja
D:11:     layout_basic, erik_lair_orcish_takeover, david_orc_2,
          portal_ice_cave_entry_pillars_2
IceCv:    ice_cave_small_necro

Skill      XL: |  1  2  3  4  5  6  7  8  9 10 11 |
---------------+----------------------------------+-----
Stealth        | 1 2 3 4 5 |  5.0
Unarmed Combat | 5 6 8 10 11 | 11.0
Fighting       | 4 5 6 |  6.0
Shapeshifting  | 2 6 10 | 10.0
Dodging        | 7 9 10 | 10.0
Invocations    | 4 |  4.2

Action                     |  1- 3 |  4- 6 |  7- 9 | 10-12 || total
---------------------------+-------+-------+-------+-------++-------
  Melee: Unarmed           |   103 |   180 |   331 |   330 ||   944
         Bite              |     9 |    20 |    34 |    43 ||   106
         Punch             |     7 |    13 |    23 |    12 ||    55
 Invoke: Draw Summoning    |       |       |     2 |       ||     2
         Draw Destruction  |       |       |     4 |    10 ||    14
  Evoke: Wand              |       |     1 |     6 |     3 ||    10
    Use: Scroll            |       |     6 |     2 |     2 ||    10
         Potion            |       |       |     2 |       ||     2
   Stab: Sleeping          |     5 |     4 |     8 |     7 ||    24
         Petrifying        |       |       |     2 |       ||     2
         Distracted        |       |       |     2 |     2 ||     4
 Armour: Skin              |    30 |    45 |    78 |    73 ||   226
  Dodge: Dodged            |    63 |   126 |   270 |   301 ||   760
   Form: Blade             |       |       |       |     1 ||     1
         Flux              |       |       |       |     1 ||     1

Table legend: (Time is in decaauts)
 A = Elapsed time spent in this place.
 B = Non-inter-level travel time spent in this place.
 C = Inter-level travel time spent in this place.
 D = Time resting spent in this place.
 E = Time spent auto-exploring this place.
 F = Levels seen in this place.
 G = Mean time per level.
                   A        B        C        D        E       F      G
               +--------+--------+--------+--------+--------+-----+--------+
         Total |  11134 |  10656 |    478 |   2725 |   5400 |  12 |  927.8 |
       Dungeon |  10981 |  10503 |    478 |   2614 |   5395 |  11 |  998.3 |
      Ice Cave |    153 |    153 |      0 |    110 |      4 |   1 |  153.0 |
               +--------+--------+--------+--------+--------+-----+--------+

Top non-repeatable levels by time:
     D:6: 1761 daAuts
     D:5: 1702 daAuts
     D:8: 1458 daAuts
     D:9: 974 daAuts
     D:4: 972 daAuts
     D:2: 957 daAuts
     D:7: 919 daAuts
     D:3: 744 daAuts
     D:1: 727 daAuts
    D:10: 584 daAuts
    D:11: 179 daAuts
   IceCv: 153 daAuts
